 Dungeon Crawl Stone Soup version 0.30-a0-359-gd0147acb1a (webtiles) character file.

Game seed: 9247281818624443324

1802 gruber the Stinger (level 9, -5/81 (97) HPs)
             Began as a Gnoll Wanderer on Nov 11, 2022.
             Slain by a wight
             ... wielding a +0 scimitar
              (10 damage)
             ... on level 7 of the Dungeon.
             The game lasted 00:09:51 (7904 turns).

gruber the Stinger (Gnoll Wanderer)                 Turns: 7904, Time: 00:09:51

HP:   -5/81 (97)    AC: 24    Str:  6 (9)  XL:     9   Next: 9%
MP:   8/18          EV:  2    Int: 25 (26) God:
Gold: 264           SH:  0    Dex:  7 (8)  Spells: 9/21 levels left

rFire   . . .      SeeInvis .    h - +2 short sword (freeze)
rCold   . . .      Faith    .    (no shield)
rNeg    . . .      Spirit   .    (body armour currently unavailable)
rPois   +          Reflect  .    (helmet currently unavailable)
rElec   .          Harm     .    (cloak currently unavailable)
rCorr   .          Rampage  .    (gloves currently unavailable)
Will    .....      NoTele   +    (boots currently unavailable)
Stlth   ++........               (no amulet)
HPRegen 0.33/turn                j - +4 ring of evasion
MPRegen 0.16/turn                D - +6 ring of intelligence

@: mighty, tree-form, attractive, heavily drained
A: stationary, stasis, torment immunity, boosted hp, (fangs 1), strong nose,
distributed training, weak 1
a: no special abilities


You were on level 7 of the Dungeon.
You were a tree.
You visited 2 branches of the dungeon, and saw 8 of its levels.

You collected 264 gold pieces.

Inventory:

Hand Weapons
 c - a +2 hand axe of flaming
 h - a +2 short sword of freezing (weapon)
 w - a +2 vorpal flail
Armour
 e - a +2 hat (melded)
 x - a +3 ring mail of fire resistance
 y - a +0 robe of willpower (melded)
 E - a +0 cloak (melded)
 G - a +1 pair of boots (melded)
Jewellery
 j - a +4 ring of evasion (left branch)
 u - a ring of positive energy
 D - a +6 ring of intelligence (right branch)
Wands
 d - a wand of polymorph (3)
 t - a wand of flame (1)
Scrolls
 a - 3 scrolls of fear {unknown}
 b - a scroll of blinking
 g - 2 scrolls of teleportation {unknown}
 i - 3 scrolls of enchant weapon {unknown}
 k - 3 scrolls of identify {unknown}
 o - 2 scrolls of immolation {unknown}
 r - 2 scrolls of poison {unknown}
 C - a scroll of summoning {unknown}
 F - a scroll of acquirement {unknown}
Potions
 f - 3 potions of curing
 l - 3 potions of flight {unknown}
 n - a potion of invisibility {unknown}
 s - a potion of degeneration
 v - a potion of lignification
 z - a potion of cancellation {unknown}
 A - a potion of resistance {unknown}
 B - a potion of brilliance {unknown}


   Skills:
 + Level 4.0 Fighting
 + Level 4.0 Short Blades
 + Level 4.0 Long Blades
 + Level 4.0 Axes
 + Level 4.0 Maces & Flails
 + Level 4.0 Polearms
 + Level 4.0 Staves
 + Level 4.0 Ranged Weapons
 + Level 4.0 Throwing
 + Level 4.0 Armour
 + Level 4.9 Dodging
 + Level 4.0 Stealth
 + Level 4.0 Shields
 + Level 4.0 Unarmed Combat
 + Level 6.5 Spellcasting
 + Level 3.3 Conjurations
 + Level 3.3 Hexes
 + Level 3.3 Summonings
 + Level 3.3 Necromancy
 + Level 3.3 Translocations
 + Level 3.3 Transmutations
 + Level 4.0 Fire Magic
 + Level 3.3 Ice Magic
 + Level 3.3 Air Magic
 + Level 3.3 Earth Magic
 + Level 7.9 Poison Magic
 + Level 4.4 Invocations
 + Level 6.2 Evocations


You had 9 spell levels left.
You knew the following spells:

 Your Spells              Type           Power      Damage    Failure   Level
a - Sting                 Tmut/Pois      100%       1d8       1%          1
b - Olgreb's Toxic Radia  Pois           47%        N/A       2%          4
c - Foxfire               Conj/Fire      100%       2x1d9     1%          1
d - Ignite Poison         Fire/Tmut/Pois 33%        N/A       2%          3
e - Mephitic Cloud        Conj/Pois/Air  32%        N/A       2%          3

Your spell library contained the following spells:

 Spells                   Type           Power      Damage    Failure   Level
 Cigotuvi's Dreadful Rot  Necr/Pois/Air  64%        N/A       1%          2
 Poisonous Vapours        Pois/Air       72%        N/A       1%          2


Dungeon Overview and Level Annotations

Branches:
Dungeon (7/15)             Temple (1/1) D:4

Altars:
Ashenzari
Cheibriados
Dithmenos
Elyvilon
Fedhas
Nemelex Xobeh
Qazlal
Sif Muna
Trog
Vehumet
Wu Jian
Xom
Yredelemnul
Zin

Shops:
D:1 (   D:4 :*

Portals:
Bailey: D:7

Annotations:
D:4 3 runed translucent doors, sastreii's ghost, amateur TrFi


Innate Abilities, Weirdness & Mutations

You are a tree.
Your roots penetrate the ground, keeping you stationary.
You cannot be teleported.
You are immune to unholy pain and torment.
Your maximum health is greatly increased.
Your equipment is partially melded.
((You have very sharp teeth.))
Your uncanny sense of smell can sniff out nearby items.
Your experience applies equally to all skills.
You are weak. (Str -2)


Message History

You feel drained.
It was a potion of degeneration.
There was something very wrong with that liquid.
You feel weakened.
You feel dopey.
You feel clumsy. The iguana closely misses you.
The wight hits you with a +0 scimitar.
You feel drained.
It was a potion of lignification.
You turn into a tree.
Your +0 cloak melds into your body.
Your +2 hat melds into your body.
Your +1 pair of boots melds into your body.
Your +0 robe of willpower melds into your body.
You feel less strong-willed.
Your roots penetrate the ground.
The iguana bites you but does no damage.
The wight hits you but does no damage.
You barely miss the iguana.
The iguana bites you but does no damage.
The wight hits you with a +0 scimitar.
You feel drained.
You hit the iguana but do no damage. The iguana bites you.
The wight hits you but does no damage.
You hit the iguana but do no damage.
The iguana bites you but does no damage.
The wight hits you with a +0 scimitar!
* * * LOW HITPOINT WARNING * * *
You feel drained.
* * * LOW HITPOINT WARNING * * *
You barely miss the iguana.
The iguana bites you but does no damage.
The wight hits you but does no damage.
You hit the iguana.
The iguana seems to slow down.
You freeze the iguana.
The iguana is moderately wounded.
You hit the iguana. You freeze the iguana.
The iguana is heavily wounded.
You hear the quick creaking of a portcullis very nearby.
The wight hits you but does no damage. The iguana bites you!
* * * LOW HITPOINT WARNING * * *
Casting: Mephitic Cloud (mildly dangerous; 2% risk of failure)
Confirm with . or Enter, or press ? or * to list all spells.
Okay, then.
You feel very mighty all of a sudden.
The iguana is no longer moving slowly.
The wight hits you with a +0 scimitar!
You die...

###############
..............#
####..####...z#######
.............zzz♣l..#
#####.#############.$.#
# #.....(.......# ># #
###..###8###8####
###...[.8∩.......
.#...#.#####8###8#
#.....[.......z


zz# ∆ ##....).######## ## #.....<## ∆ You could see an iguana and 4 wights.

Vanquished Creatures
  Eustachio (D:4)
  Edmund (D:4)
  2 ice beasts (D:5)
  A sky beast (D:4)
  2 orc warriors
  A black bear (D:5)
  2 phantoms (D:5)
  A necrophage (D:5)
  3 scorpions
  A wight (D:6)
  3 hounds
  2 orc priests
  Jessica (D:3)
  Ijyb (D:3)
  Terence (D:3)
  An iguana (D:5)
  2 orc wizards
  4 gnolls (D:5)
  A river rat (D:1)
  9 adders
  3 ufetubi (D:6)
  5 dart slugs
  28 orcs
  7 ball pythons
  3 endoplasms (D:2)
  A giant cockroach (D:2)
  7 goblins
  5 hobgoblins
  A jackal (D:5)
  8 kobolds
  2 quokkas
  6 bats
  4 frilled lizards
  4 rats
124 creatures vanquished.

Notes
Turn   | Place    | Note
-------+----------+-------------------------------------------
     0 | D:1      | gruber the Gnoll Wanderer began the quest for the Orb.
     0 | D:1      | gruber set off with the following items: a +0 club, a
                  | scroll of blinking, a +0 robe, a wand of polymorph (6); and
                  | the following spells available to memorise: Sting, Olgreb's
                  | Toxic Radiance, Foxfire, Ignite Poison, Mephitic Cloud.
     0 | D:1      | Reached XP level 1. HP: 13/13 MP: 6/6
    10 | D:1      | Found Plog's Weapon Shoppe.
    65 | D:1      | Learned a level 1 spell: Sting
    76 | D:1      | Reached XP level 2. HP: 18/20 MP: 0/7
   934 | D:2      | Reached skill level 5 in Spellcasting
   934 | D:2      | Reached XP level 3. HP: 12/25 MP: 1/9
  1065 | D:2      | Reached skill level 1 in Invocations
  1675 | D:2      | Reached skill level 1 in Fighting
  1675 | D:2      | Reached skill level 1 in Short Blades
  1675 | D:2      | Reached skill level 1 in Long Blades
  1675 | D:2      | Reached skill level 1 in Axes
  1675 | D:2      | Reached skill level 1 in Maces & Flails
  1675 | D:2      | Reached skill level 1 in Polearms
  1675 | D:2      | Reached skill level 1 in Staves
  1675 | D:2      | Reached skill level 1 in Ranged Weapons
  1675 | D:2      | Reached skill level 1 in Throwing
  1675 | D:2      | Reached skill level 1 in Armour
  1675 | D:2      | Reached skill level 1 in Stealth
  1675 | D:2      | Reached skill level 1 in Shields
  1675 | D:2      | Reached skill level 1 in Unarmed Combat
  2163 | D:3      | Reached XP level 4. HP: 32/32 MP: 8/11
  2252 | D:3      | Noticed Terence
  2262 | D:3      | Killed Terence
  2263 | D:3      | Reached skill level 1 in Conjurations
  2263 | D:3      | Reached skill level 1 in Hexes
  2263 | D:3      | Reached skill level 1 in Summonings
  2263 | D:3      | Reached skill level 1 in Necromancy
  2263 | D:3      | Reached skill level 1 in Translocations
  2263 | D:3      | Reached skill level 1 in Transmutations
  2263 | D:3      | Reached skill level 1 in Ice Magic
  2263 | D:3      | Reached skill level 1 in Air Magic
  2263 | D:3      | Reached skill level 1 in Earth Magic
  2398 | D:3      | Identified the +3 leather armour "Jyegirch" {*Slow rF-
                  | Regen+ Int+2 Dex+6}
  2689 | D:3      | Noticed Jessica
  2693 | D:3      | Killed Jessica
  2694 | D:3      | Reached XP level 5. HP: 37/37 MP: 9/12
  3000 | D:3      | Noticed Ijyb
  3012 | D:3      | Killed Ijyb
  3412 | D:4      | Reached XP level 6. HP: 44/44 MP: 9/14
  3464 | D:4      | Reached skill level 5 in Evocations
  3631 | D:4      | Found Quphounuklo's Book Emporium.
  3663 | D:4      | Noticed sastreii's ghost (amateur TrFi)
  3664 | D:4      | Noticed an ice beast
  3723 | D:4      | Found a runed translucent gate.
  3723 | D:4      | Found a runed translucent gate.
  3723 | D:4      | Found a runed translucent gate.
  3755 | D:4      | Found a staircase to the Ecumenical Temple.
  3798 | Temple   | Entered the Ecumenical Temple
  4021 | D:4      | Noticed a sky beast
  4038 | D:4      | Killed a sky beast
  4233 | D:4      | Reached XP level 7. HP: 51/51 MP: 11/15
  4375 | D:4      | Learned a level 4 spell: Olgreb's Toxic Radiance
  4385 | D:4      | Noticed Edmund
  4421 | D:4      | Killed Edmund
  4521 | D:4      | Found a snail-covered altar of Cheibriados.
  4814 | D:4      | Found a sparkling altar of Nemelex Xobeh.
  4859 | D:4      | Found Gimeept's Assorted Antiques.
  4877 | D:4      | Noticed Eustachio
  4893 | D:4      | Killed Eustachio
  5059 | D:5      | Entered Level 5 of the Dungeon
  5287 | D:5      | Reached XP level 8. HP: 57/58 MP: 9/16
  7365 | D:7      | Reached XP level 9. HP: 63/65 MP: 10/18
  7689 | D:6      | Learned a level 1 spell: Foxfire
  7693 | D:6      | Learned a level 3 spell: Ignite Poison
  7697 | D:6      | Learned a level 3 spell: Mephitic Cloud
  7834 | D:7      | Found a flagged portal.
  7895 | D:7      | Gained mutation: You are weak. (Str -2) [potion of
                  | mutation]
  7903 | D:7      | HP: 4/81 [iguana (10)]
  7904 | D:7      | Slain by a wight

Illustrated notes

Levels and vault maps discovered:
D:1:      eino_arrival_tree_alley, layout_basic, serial_shops,
          nicolae_shop_crystal
D:2:      layout_basic
D:3:      layout_basic, uniq_terence, uniq_jessica, uniq_ijyb
D:4:      layout_gridville, cheibriados_altar_1, nemelex_spade_bored_becter,
          minmay_temple_entry_butterflies, serial_shops, shop,
          nicolae_shop_trees, gammafunk_ghost_icy, uniq_edmund, uniq_eustachio
D:5:      layout_loops_ring, minmay_quadrilaterals
D:6:      layout_cave_pods
D:7:      layout_loops_ring, gammafunk_temple_overflow_wave,
          kennysheep_little_box, grunt_temple_overflow_open, enter_bailey_8,
          roderic_lattice_a
Temple:   hellmonk_temple_flake

Skill      XL: |  1  2  3  4  5  6  7  8  9 |
---------------+----------------------------+-----
Fire Magic     | 2 3 4 |  4.0
Spellcasting   | 5 6 |  6.5
Invocations    | 1 2 3 4 |  4.4
Fighting       | 1 2 3 4 |  4.0
Short Blades   | 1 2 3 4 |  4.0
Long Blades    | 1 2 3 4 |  4.0
Axes           | 1 2 3 4 |  4.0
Maces & Flails | 1 2 3 4 |  4.0
Polearms       | 1 2 3 4 |  4.0
Staves         | 1 2 3 4 |  4.0
Ranged Weapons | 1 2 3 4 |  4.0
Throwing       | 1 2 3 4 |  4.0
Armour         | 1 2 3 4 |  4.0
Stealth        | 1 2 3 4 |  4.0
Shields        | 1 2 3 4 |  4.0
Unarmed Combat | 1 2 3 4 |  4.0
Conjurations   | 1 2 3 |  3.3
Hexes          | 1 2 3 |  3.3
Summonings     | 1 2 3 |  3.3
Necromancy     | 1 2 3 |  3.3
Translocations | 1 2 3 |  3.3
Transmutations | 1 2 3 |  3.3
Ice Magic      | 1 2 3 |  3.3
Air Magic      | 1 2 3 |  3.3
Earth Magic    | 1 2 3 |  3.3
Dodging        | 3 4 |  4.9
Evocations     | 5 6 |  6.2
Poison Magic   | |  7.9

Action                   |  1- 3 |  4- 6 |  7- 9 || total
-------------------------+-------+-------+-------++-------
Melee: Short sword       |    14 |    18 |    34 ||    66
       Bite              |       |     1 |    12 ||    13
       Hand axe          |       |       |    65 ||    65
       Flail             |       |       |    20 ||    20
       Punch             |       |       |     2 ||     2
 Cast: Sting             |    71 |    93 |   101 ||   265
       Olgreb's Toxic Ra |       |       |    15 ||    15
       Mephitic Cloud    |       |       |     3 ||     3
Evoke: Wand              |     3 |       |     7 ||    10
  Use: Potion            |       |       |     7 ||     7
Armor: Robe              |     6 |    11 |    26 ||    43
       Skin              |       |       |     8 ||     8
Dodge: Dodged            |    29 |    47 |   145 ||   221

Table legend: (Time is in decaauts)
 A = Elapsed time spent in this place.
 B = Non-inter-level travel time spent in this place.
 C = Inter-level travel time spent in this place.
 D = Time resting spent in this place.
 E = Time spent auto-exploring this place.
 F = Levels seen in this place.
 G = Mean time per level.
                   A        B        C        D        E       F      G
               +--------+--------+--------+--------+--------+-----+--------+
         Total |   7904 |   7698 |    206 |    276 |   6360 |   8 |  988.0 |
       Dungeon |   7732 |   7537 |    195 |    276 |   6211 |   7 | 1104.6 |
        Temple |    171 |    161 |     10 |      0 |    149 |   1 |  171.0 |
               +--------+--------+--------+--------+--------+-----+--------+

Top non-repeatable levels by time:
     D:4: 1488 daAuts
     D:5: 1391 daAuts
     D:2: 1370 daAuts
     D:6: 1245 daAuts
     D:3: 1235 daAuts
     D:1: 788 daAuts
     D:7: 212 daAuts
  Temple: 171 daAuts
